 Dungeon Crawl Stone Soup version 0.30-a0-782-ge64f9170bb (webtiles) character file.

Game seed: 6896576263797922585

1580366 Flugkiller the Warrior (level 23, 123/156 HPs)
             Began as a Deep Elf Berserker on Feb 27, 2023.
             Was the Champion of Trog.
             Escaped with the Orb
             ... and 3 runes!
             The game lasted 02:04:44 (68214 turns).

Flugkiller the Warrior (Deep Elf Berserker)        Turns: 68214, Time: 02:04:44

Health: 123/156    AC: 48    Str: 22    XL:     23   Next: 67%
Magic:  24/25      EV: 15    Int: 15    God:    Trog [******]
Gold:   4538       SH: 33    Dex: 22    Spells: 22/22 levels left

rFire   + + +      SeeInvis +      - Unarmed
rCold   + + .      Faith    .    X - +10 tower shield of Ignorance {rN+ Int-4}
rNeg    + + .      Spirit   +    m - +11 gold dragon scales
rPois   +          Reflect  .    r - +2 helmet {Int+3}
rElec   .          Harm     .    I - +1 cloak of Starlight {*Dazzle EV+4 Stlth--}
rCorr   +          Rampage  .    K - +2 pair of gloves "Favo" {rC+ rN+}
Will    +++..                    v - +1 pair of boots "Edaemak" {rF+ Slay+2} Stlth
                                 V - amulet of guardian spirit
HPRegen 0.46/turn                J - ring of Cirat {rF+ rC- Dex+6 Slay+3 SInv}
MPRegen 0.19/turn                a - ring of Ydeoqai {Fly rC+ Will+ rCorr Str+2}

@: flying
A: iridescent scales 2
0: Orb of Zot
}: 3/15 runes: decaying, serpentine, silver
a: Renounce Religion, Berserk, Trog's Hand, Brothers in Arms


You escaped.
You worshipped Trog.
Trog was exalted by your worship.
You visited 9 branches of the dungeon, and saw 47 of its levels.
You also visited: Bailey, Gauntlet, Ice Cave and Volcano.

You collected 6045 gold pieces.
You spent 1507 gold pieces at shops.

Inventory:

Missiles
 u - 8 curare-tipped darts (quivered)
 y - a throwing net
Armour
 m - +11 gold dragon scales (worn)
   (You found it on level 3 of the Depths)
 r - a +2 helmet of intelligence (worn)
   (You found it in a Gauntlet)
 v - the +1 pair of boots "Edaemak" (worn) {rF+ Slay+2}
   (You found it on level 3 of the Elven Halls)

   Slay:      It affects your accuracy & damage with ranged weapons and melee
   (+2).
   rF:        It protects you from fire.
 I - the +1 cloak of Starlight (worn) {*Dazzle EV+4 Stlth--}
   (You acquired it on level 4 of the Swamp)

   *Dazzle:   It may blind those who miss an attack against the wearer in melee
   combat.
   EV:        It affects your evasion (+4).
   Stlth:     It makes you much less stealthy.
 K - the +2 pair of gloves "Favo" (worn) {rC+ rN+}
   (You found it on level 5 of the Dungeon)

   rC:        It protects you from cold.
   rN:        It protects you from negative energy.
 X - the +10 tower shield of Ignorance (worn) {rN+ Int-4}
   (You found it on level 1 of the Snake Pit)

   Int:       It affects your intelligence (-4).
   rN:        It protects you from negative energy.
Jewellery
 a - the ring of Ydeoqai (right hand) {Fly rC+ Will+ rCorr Str+2}
   (You found it in a bailey)

   [ring of flight]

   Str:       It affects your strength (+2).
   rC:        It protects you from cold.
   Fly:       It grants you flight.
   rCorr:     It protects you from acid and corrosion.
   Will:      It increases your willpower.
 j - a +4 ring of slaying
   (You found it on level 3 of the Dungeon)
 C - a +6 ring of strength
   (You acquired it on level 5 of the Lair of Beasts)
 G - the ring of Loemerph {Fire rElec rCorr Int-3}
   (You took it off a vault sentinel on level 5 of the Vaults)

   [ring of fire]

   It enhances your fire magic.
   Int:       It affects your intelligence (-3).
   rF:        It protects you from fire.
   rC:        It makes you vulnerable to cold.
   rElec:     It insulates you from electricity.
   rCorr:     It protects you from acid and corrosion.
 J - the ring of Cirat (left hand) {rF+ rC- Dex+6 Slay+3 SInv}
   (You bought it in a shop on level 2 of the Orcish Mines)

   [ring of protection from fire]

   Dex:       It affects your dexterity (+6).
   Slay:      It affects your accuracy & damage with ranged weapons and melee
   (+3).
   rF:        It protects you from fire.
   rC:        It makes you vulnerable to cold.
   SInv:      It lets you see invisible.
 V - an amulet of guardian spirit (around neck)
   (You took it off a kobold brigand on level 13 of the Dungeon)
Wands
 f - a wand of light (11)
   (You found it on level 3 of the Lair of Beasts)
 p - a wand of mindburst (8)
   (You took it off a vault sentinel on level 5 of the Vaults)
 s - a wand of digging (8)
   (You found it on level 4 of the Swamp)
 E - a wand of charming (44)
   (You found it on level 8 of the Dungeon)
 F - a wand of roots (17)
   (You found it in an ice cave)
Scrolls
 g - 10 scrolls of vulnerability
 k - 10 scrolls of immolation
 t - 16 scrolls of teleportation
 z - 7 scrolls of blinking
 A - 6 scrolls of fear
 H - a scroll of silence
 L - 6 scrolls of poison
 R - 4 scrolls of torment
 S - 5 scrolls of fog
 Z - a scroll of butterflies
Potions
 c - 10 potions of mutation
 d - 3 potions of might
 h - 4 potions of haste
 l - 7 potions of lignification
 n - 6 potions of resistance
 o - 10 potions of attraction
 q - 22 potions of curing
 w - 10 potions of heal wounds
 B - 5 potions of invisibility
 M - 3 potions of cancellation
 N - 3 potions of berserk rage
 P - 3 potions of ambrosia
 Q - 10 potions of flight
 Y - 4 potions of magic
Miscellaneous
 x - a condenser vane
   (You found it on level 5 of the Lair of Beasts)
 D - a phantom mirror
   (You found it on level 3 of the Elven Halls)
 O - a lightning rod (4/4)
   (You found it on level 3 of the Elven Halls)
 T - a tin of tremorstones (2/2)
   (You found it on level 4 of the Vaults)
 U - a phial of floods
   (You found it in a bailey)


   Skills:
 - Level 20.0 Fighting
 - Level 15.2 Armour
 - Level 13.8 Dodging
 - Level 20.0 Shields
 - Level 20.0 Unarmed Combat
 + Level 13.3 Evocations


You had 22 spell levels left.
You didn't know any spells.
Your spell library was empty.

Dungeon Overview and Level Annotations

Branches:
Dungeon (15/15)            Temple (0/1) D:7            Lair (5/5) D:8
  Swamp (4/4) Lair:2        Snake (4/4) Lair:3        Slime (0/5) Lair:4
    Orc (2/2) D:10            Elf (3/3) Orc:2        Vaults (5/5) D:14
  Crypt (0/3) Vaults:2     Depths (4/4) D:15            Zot (5/5) Depths:4
 Bailey (visited)           IceCv (visited)         Volcano (visited)
Gauntlet (visited)

Altars:
Dithmenos
Elyvilon
Hepliaklqana
Makhleb
Okawaru
Ru
Trog
Vehumet
Xom
Yredelemnul
Jiyva
Lugonu

Shops:
D:1 *   D:11 :   Orc:2 (*[=   Elf:1 (   Snake:2 *[[   Vaults:3 :

Portals:
Hell: Depths:1 Depths:2 Depths:3 Depths:4
Abyss: Lair:5 Depths:3 Depths:4
Pandemonium: Depths:1 Depths:2 Depths:3 Depths:4
Ziggurat: Depths:4
Trove: Vaults:1 (give 6 scrolls of fear)

Annotations:
Swamp:1 1 runed translucent door, dunno567's ghost, adept HOFi
Elf:2 3 runed translucent doors
Vaults:1 1 runed translucent door, Gnu's ghost, adept DsFi
Vaults:2 1 runed translucent door, Dyrphilu's ghost, adept GnMo


Innate Abilities, Weirdness & Mutations

You are mostly covered in iridescent scales. (AC +4)


Message History

You fly upwards.
There is a stone staircase leading down, spattered with blood here.
There is a stone staircase leading up here.
You fly upwards.
There is a stone staircase leading down here.
A green death comes into view.
The green death gestures at you.
The blast of poison engulfs you but does no damage.
You resist. The green death gestures at you. The blast of poison misses you.
There is an open door here.
The green death gestures at you.
The bolt of poison hits you but does no damage.
You are poisoned.
You resist.
You feel very sick.
You feel very sick.
You feel sick.
You feel sick.
You feel sick.
You feel sick.
You feel sick.
You feel sick.
You feel sick.
You feel sick.
You are no longer poisoned.
The green death gestures at you. You block the poison arrow.
The green death gestures at you.
There is a stone staircase leading up here.
You fly upwards.
There is a stone staircase leading down here.
(D) Dungeon (T) Temple (L) Lair (S) Swamp (P) Snake Pit (M) Slime Pits (O) Orcish Mines (E) Elven Halls (V) Vaults (C) Crypt (U) Depths (H) Hell (Z) Zot
Where to? (Enter - D:1 @ (x,y), ? - help) HP restored.
There is a stone staircase leading up, spattered with blood here.
You fly upwards.
There is a stone staircase leading down here.
A great orb of eyes comes into view.
The great orb of eyes turns its gaze towards you.
The great orb of eyes gazes at you. You resist with almost no effort.
There is an open door here.
You pummel the great orb of eyes!!
The great orb of eyes is heavily wounded.
You hit the great orb of eyes but do no damage.
The great orb of eyes is heavily wounded.
You block the great orb of eyes's attack.
You punch the great orb of eyes!
The great orb of eyes is severely wounded.
You block the great orb of eyes's attack.
You punch the great orb of eyes!
The great orb of eyes is severely wounded.
The great orb of eyes gazes at you. You resist with almost no effort.
You hit the great orb of eyes.
The great orb of eyes is almost dead.
You pummel the great orb of eyes!!
You kill the great orb of eyes!
Trog accepts your kill.
No target in view!
(D) Dungeon (T) Temple (L) Lair (S) Swamp (P) Snake Pit (M) Slime Pits (O) Orcish Mines (E) Elven Halls (V) Vaults (C) Crypt (U) Depths (H) Hell (Z) Zot
Where to? (Enter - D:1 @ (x,y), ? - help)
There is an open door here.
There is an open door here.
There is a stone staircase leading up here.
You fly upwards.
There is a stone staircase leading down, spattered with blood here.
Things that are here:
a +3 trident; a +0 club; an orc skeleton
Things that are here:
a +0 scale mail; a +0 short sword; an orc skeleton A tormentor comes into view.
There is a stone staircase leading up here.
The tormentor calls on the powers of darkness!
Your body is wracked with pain!
You fly upwards.
There is a stone staircase leading down here.
(D) Dungeon (T) Temple (L) Lair (S) Swamp (P) Snake Pit (M) Slime Pits (O) Orcish Mines (E) Elven Halls (V) Vaults (C) Crypt (U) Depths (H) Hell (Z) Zot
Where to? (Enter - D:1 @ (x,y), ? - help)
You see here a +0 leather armour.
Things that are here:
a +0 robe; a +0 dagger
There is a stone staircase leading up here.
You fly upwards.
There is a stone staircase leading down here.
There is a staircase leading out of the dungeon here.
Unknown command.
Enter note: gg You have escaped!

#######.###.##...............####
...............############..#
##.####..####### #..# #.# #..#
#######..## #.# #..## #.........#
##.# #...#############.###...#
...# #...'.[.~≈≈≈~...'.# #...#
##.# ##..###..#####.)#### ###.#
#.# #...##..♣♣P@P♣♣..##### #.###
##.###.#.###..♣♣.♣♣..##...# #....
..........#♣)........♣###.# #:##.
.........##♣.♣.~~~.♣.♣ #.# #.##.
..#.##.### ♣..~~8≈~..♣ #.# #.##.
....##.# ♣.♣.≈~~.♣.♣###.###.###
.......# ♣.......^.♣#.......##.
...##### ##..♣♣.♣♣..####.#####.#
...########..♣♣P>P♣♣..###.# #.#


There were no monsters in sight!

Vanquished Creatures
  A dread lich (Vaults:3)
  3 ancient liches
  An orb of fire (Zot:5)
  Bai Suzhen (Depths:1)
  the Lernaean hydra (Swamp:4)
  Nikola (Vaults:1)
  7 golden dragons
  An electric golem (Zot:2)
  A Hell Sentinel (Zot:1)
  Mlioglotl (Snake:3)
  2 liches (Depths:1)
  An Ice Fiend (D:9)
  7 tentacled monstrosities
  Asterion (Elf:2)
  5 titans
  2 deep elf blademasters (Elf:3)
  11 Orb Guardians
  2 deep elf master archers (Elf:3)
  2 death cobs
  A thorn hunter (Swamp:1)
  6 tengu reavers
  4 sphinxes
  5 shadow dragons
  4 storm dragons
  6 fire giants
  5 nagarajas
  A draconian knight (Depths:4)
  9 deep elf sorcerers
  A fenstrider witch (Swamp:3)
  5 frost giants
  13 vault wardens
  4 draconian shifters
  An iron dragon (Vaults:5)
  2 draconian stormcallers (Zot:1)
  An orc warlord (Orc:1)
  A cacodemon (Depths:1)
  2 deep elf elementalists (Elf:3)
  16 ironbound preservers
  3 war gargoyles
  22 very ugly things
  7 eleionomae
  6 ironbound thunderhulks
  9 stone giants
  3 green draconians
  2 vampire knights
  5 deep elf demonologists
  7 white draconians
  5 deep elf annihilators
  13 spark wasps
  An eleionoma (shapeshifter) (Vaults:3)
  3 red draconians
  3 bunyips
  4 purple draconians (Zot:1)
  Azrael (Elf:2)
  4 yellow draconians
  3 black draconians
  11 dire elephants
  A minotaur (Gauntlet)
  3 deep elf death magi
  An ettin (shapeshifter) (Vaults:4)
  Snorg (Lair:4)
  2 green deaths (Swamp:4)
  9 ettins
  6 deep elf high priests
  18 yaktaur captains
  9 great orbs of eyes
  5 fire dragons
  3 salamander tyrants (Snake:4)
  42 vault guards
  5 rakshasas
  2 peacekeepers
  9 ice dragons
  7 hydras
  3 ghost crabs
  Erolcha (D:10)
  2 catoblepae
  A hell beast (Swamp:4)
  2 ogre magi
  8 ironbound frosthearts
  7 anacondas
  A spriggan air mage (Depths:3)
  A death knight (D:14)
  3 boulder beetles
  4 centaur warriors
  6 two-headed ogres
  6 death yaks
  7 tengu warriors
  9 alligators
  6 deep troll earth magi
  3 deep troll shamans
  15 naga warriors
  20 dancing weapons
  2 orc high priests
  A shock serpent (shapeshifter) (Elf:3)
  Sonja (Lair:1)
  Urug (D:13)
  4 thrashing horrors
  2 spriggan berserkers
  3 shock serpents
  13 sun demons
  17 hell knights
  20 deep elf knights
  Amaemon (Lair:2)
  9 naga sharpshooters
  A soul eater (Depths:1)
  A shadow wraith (Vaults:5)
  A wretched star (Gauntlet)
  A fire crab (shapeshifter) (Vaults:5)
  3 iron trolls
  A sixfirhy (Depths:1)
  A sea snake (shapeshifter) (Elf:1)
  4 salamander mystics
  Lodul (D:10)
  2 sea snakes (Snake:2)
  A skeletal warrior (Vaults:3)
  A deep troll (shapeshifter) (Vaults:3)
  50 deep trolls
  7 goliath frogs
  10 bog bodies
  A flayed ghost (Depths:4)
  2 skysharks
  4 swamp dragons (Swamp:4)
  4 spriggan druids
  12 deep elf archers
  2 glowing orange brains
  2 obsidian statues (Depths:1)
  4 naga ritualists
  3 wizards (Vaults:4)
  4 phantasmal warriors
  7 mana vipers
  7 necromancers
  6 orc knights
  30 deep elf pyromancers
  A mana viper (shapeshifter) (Vaults:5)
  16 ironbound convokers
  23 deep elf zephyrmancers
  42 ugly things
  17 salamanders
  A shining eye (Depths:1)
  7 orc sorcerers
  5 cyclopes
  An elephant (shapeshifter) (Vaults:4)
  A manticore (D:15)
  26 black mambas
  6 moths of wrath
  9 elephants
  A fire giant skeleton (Vaults:4)
  2 rust devils
  An elf zombie (Vaults:4)
  2 eyes of devastation (Depths:1)
  A smoke demon (Lair:5)
  16 naga magi
  20 vault sentinels
  6 guardian serpents
  2 minotaur zombies (Gauntlet)
  8 orange demons
  An ice statue (IceCv)
  Maggie (D:7)
  14 cane toads
  A torpor snail (Lair:2)
  3 kobold demonologists
  A hellion (Depths:2)
  A rime drake (Lair:3)
  9 komodo dragons
  31 yaktaurs
  2 efreet
  A yaktaur (shapeshifter) (D:13)
  4 anaconda simulacra (IceCv)
  3 freezing wraiths
  An unseen horror (D:13)
  3 tengu conjurers
  The ghost of t4s4d4r the Insei, a novice OpTm (D:5)
  An ancient zyme (Lair:5)
  An elf skeleton (Vaults:4)
  4 red devils
  3 ice devils (Depths:1)
  A polar bear (Lair:3)
  4 hellwings (Depths:1)
  A meliai (D:14)
  6 trolls
  Prince Ribbit (D:8)
  7 tyrant leeches
  33 blink frogs
  8 hornets
  2 raiju (Gauntlet)
  5 large abominations
  A human simulacrum (Vaults:3)
  44 slime creatures
  4 air elementals
  Sigmund (D:2)
  2 dire elephant simulacra (IceCv)
  5 shadows
  A water elemental (Elf:2)
  4 ynoxinuls
  15 spriggans
  3 wraiths
  27 yaks
  A centaur simulacrum (D:14)
  6 basilisks
  Eustachio (D:5)
  4 wyverns
  8 fire elementals
  27 vampire mosquitoes
  2 neqoxecs
  8 fire bats (Volcano)
  7 chaos spawn
  2 death yak simulacra (IceCv)
  5 wargs
  2 swamp worms (shapeshifter)
  14 swamp worms
  49 nagas
  11 water moccasins
  2 floating eyes (Vaults:3)
  6 hell hounds
  A floating eye (shapeshifter) (Vaults:5)
  A sky beast (D:7)
  4 swamp drakes
  32 orc warriors
  2 ice beasts
  A black bear (Lair:3)
  3 wolves (Lair:3)
  12 ogres
  8 boggarts
  11 centaurs
  7 kobold brigands
  A phantom (D:4)
  10 bullfrogs
  3 earth elementals
  5 gnoll sergeants
  2 necrophages
  6 two-headed ogre simulacra (IceCv)
  2 cane toad simulacra (IceCv)
  3 wights (D:6)
  11 small abominations
  An elephant simulacrum (IceCv)
  An electric eel (Snake:2)
  4 howler monkeys
  7 lava snakes (Volcano)
  4 quasits (D:5)
  14 orc priests
  3 hounds
  4 iron imps (Gauntlet)
  4 jellies
  4 iguanas
  23 orc wizards
  A lightning spire (Gauntlet)
  4 spriggan simulacra (IceCv)
  3 polar bear simulacra (IceCv)
  4 troll simulacra (IceCv)
  2 wolf simulacra (IceCv)
  19 gnolls
  11 adders
  4 naga simulacra (IceCv)
  3 shadow imps (D:6)
  8 white imps
  8 ufetubi (IceCv)
  7 worms
  2 dart slugs
  69 orcs
  6 ball pythons
  5 bats
  9 endoplasms
  5 giant cockroaches
  11 goblins
  13 hobgoblins
  2 jackals (D:1)
  30 kobolds
  6 quokkas
  3 frilled lizards (D:1)
  3 rats
  2 briar patches (Swamp:1)
1789 creatures vanquished.

Vanquished Creatures (collateral kills)
  A vault guard (D:14)
  An ironbound convoker (Vaults:3)
  A cyclops (D:14)
  A yaktaur (Vaults:3)
  2 meliai (D:14)
  A troll (D:8)
  An ogre (D:5)
  A gnoll sergeant (D:5)
  4 gnolls (D:5)
13 creatures vanquished.

Vanquished Creatures (others)
  A fire giant (Depths:2)
  A spark wasp (Depths:4)
  A deep elf knight (Elf:2)
  A goliath frog (Swamp:2)
  A deep elf archer (Elf:1)
  2 deep elf zephyrmancers
  A yaktaur (Vaults:5)
  3 bloated husks
  A hell hound (Depths:1)
  A bush (Lair:5)
  14 fungi
  68 plants
95 creatures vanquished.

Grand Total: 1897 creatures vanquished

Notes
Turn   | Place    | Note
-------+----------+-------------------------------------------
     0 | D:1      | Flugkiller the Deep Elf Berserker began the quest for the
                  | Orb.
     0 | D:1      | Reached XP level 1. HP: 13/13 MP: 3/3
   217 | D:1      | Reached XP level 2. HP: 13/18 MP: 4/4
   418 | D:1      | Found Naazxed's General Store.
   493 | D:1      | Reached XP level 3. HP: 22/22 MP: 5/5
  1168 | D:2      | Found a faded altar of an unknown god.
  1186 | D:2      | Reached ** piety under Trog
  1324 | D:2      | Reached XP level 4. HP: 17/27 MP: 3/6
  1778 | D:2      | Reached XP level 5. HP: 30/31 MP: 5/7
  1909 | D:2      | Identified the +10 short sword of Ofuanuliun {flame, rElec
                  | rPois Dex-4}
  2036 | D:2      | Noticed Sigmund
  2060 | D:2      | Killed Sigmund
  2061 | D:2      | Reached skill level 5 in Unarmed Combat
  2061 | D:2      | Reached XP level 6. HP: 36/36 MP: 6/8
  2098 | D:2      | Found an iron altar of Okawaru.
  2225 | D:3      | Reached skill level 5 in Dodging
  2640 | D:3      | Found a burning altar of Makhleb.
  2640 | D:3      | Found a basalt altar of Yredelemnul.
  2954 | D:4      | Reached *** piety under Trog
  3050 | D:4      | Reached XP level 7. HP: 43/43 MP: 9/9
  3409 | D:4      | Reached skill level 1 in Shields
  3718 | D:5      | Entered Level 5 of the Dungeon
  3818 | D:5      | Reached skill level 5 in Fighting
  3834 | D:5      | Found a transporter.
  3879 | D:5      | Noticed t4s4d4r's ghost (novice OpTm)
  3892 | D:5      | Found a transporter.
  3930 | D:5      | Reached XP level 8. HP: 48/49 MP: 10/10
  4120 | D:5      | Killed t4s4d4r's ghost
  4145 | D:5      | Reached **** piety under Trog
  4347 | D:5      | Identified the +2 pair of gloves "Favo" {rC+ rN+}
  4453 | D:5      | Noticed Eustachio
  4461 | D:5      | Killed Eustachio
  4858 | D:6      | Reached XP level 9. HP: 51/57 MP: 9/11
  5450 | D:7      | Found a staircase to the Ecumenical Temple.
  5812 | D:7      | Noticed Maggie
  5827 | D:7      | Killed Maggie
  6685 | D:8      | Noticed Prince Ribbit
  6742 | D:8      | Found a staircase to the Lair.
  6921 | D:8      | Noticed a troll
  6931 | D:8      | Killed a troll
  6932 | D:8      | Reached skill level 1 in Evocations
  6932 | D:8      | Reached XP level 10. HP: 64/64 MP: 12/12
  6970 | D:8      | Killed Prince Ribbit
  7045 | D:8      | Reached ***** piety under Trog
  7130 | D:9      | Found a flagged portal.
  7162 | D:9      | Received a gift from Trog
  7194 | Bailey   | Entered a bailey
  7369 | Bailey   | Identified the ring of Ydeoqai {Fly rC+ Will+ rCorr Str+2}
  7697 | D:9      | Reached skill level 5 in Evocations
  7705 | D:9      | Found a bloodstained altar of Trog.
  7707 | D:9      | Found an iron altar of Okawaru.
  7848 | D:9      | Found a shadowy altar of Dithmenos.
  7852 | D:9      | Found a white marble altar of Elyvilon.
  8288 | D:10     | Entered Level 10 of the Dungeon
  8592 | D:10     | Reached skill level 10 in Unarmed Combat
  8824 | D:10     | Reached XP level 11. HP: 35/68 MP: 5/13
  8926 | D:10     | Noticed Erolcha
  9071 | D:10     | Killed Erolcha
  9416 | D:10     | Received a gift from Trog
  9431 | D:10     | Found a staircase to the Orcish Mines.
  9543 | D:10     | Noticed Lodul
  9585 | D:10     | Killed Lodul
  9748 | D:11     | Noticed a two-headed ogre
  9901 | D:11     | Killed a two-headed ogre
 10053 | D:11     | Noticed a deep elf pyromancer
 10064 | D:11     | Killed a deep elf pyromancer
 10147 | D:11     | Found Sapn's Book Boutique.
 10424 | D:12     | Noticed a two-headed ogre
 10435 | D:12     | Killed a two-headed ogre
 10658 | D:12     | Noticed a deep elf pyromancer
 10670 | D:12     | Killed a deep elf pyromancer
 10671 | D:12     | Reached XP level 12. HP: 41/76 MP: 6/14
 11160 | D:12     | Found an iron altar of Okawaru.
 11489 | D:13     | Found a frozen archway.
 11509 | IceCv    | Entered an ice cave
 12031 | IceCv    | Received a gift from Trog
 12130 | IceCv    | Reached skill level 10 in Fighting
 12345 | IceCv    | Reached skill level 10 in Dodging
 12537 | D:13     | Noticed Urug
 12603 | D:13     | Killed Urug
 12679 | D:13     | Identified 3 scrolls of acquirement
 12679 | D:13     | Acquired a manual of Unarmed Combat
 12681 | D:13     | Acquired a manual of Fighting
 12683 | D:13     | Acquired a manual of Shields
 12827 | D:13     | Noticed a centaur warrior
 12957 | D:13     | Killed a centaur warrior
 13044 | D:13     | Noticed a boulder beetle
 13089 | D:13     | Killed a boulder beetle
 13165 | D:13     | Noticed a tengu warrior
 13177 | D:13     | Killed a tengu warrior
 13216 | D:13     | Noticed a centaur warrior
 13229 | D:13     | Killed a centaur warrior
 13411 | D:14     | Found a gate to the Vaults.
 13411 | D:14     | Noticed a vault guard
 13411 | D:14     | Noticed a vault guard
 13411 | D:14     | Noticed a vault guard
 13411 | D:14     | Noticed a vault guard
 13411 | D:14     | Noticed a death knight
 13411 | D:14     | Noticed a tengu warrior
 13594 | D:14     | Killed a death knight
 13595 | D:14     | Reached skill level 5 in Shields
 13674 | D:13     | Reached XP level 13. HP: 74/84 MP: 12/15
 14427 | D:13     | Reached skill level 10 in Shields
 14986 | D:15     | Entered Level 15 of the Dungeon
 15320 | D:15     | Noticed a stone giant
 15343 | D:15     | Killed a stone giant
 15415 | D:15     | Found a staircase to the Depths.
 16530 | Lair:1   | Entered Level 1 of the Lair of Beasts
 16574 | Lair:1   | Found a dark tunnel.
 16623 | Volcano  | Entered a volcano
 16765 | Volcano  | Reached XP level 14. HP: 54/92 MP: 4/16
 16988 | Volcano  | Paralysed by an orc sorcerer for 5 turns
 17057 | Volcano  | Found a radiant altar of Vehumet.
 17081 | Volcano  | Found a bloodstained altar of Trog.
 17790 | Lair:1   | Noticed Sonja
 17805 | Lair:1   | Killed Sonja
 17984 | Lair:2   | Found a hazy altar of Hepliaklqana.
 18037 | Lair:2   | Noticed Amaemon
 18066 | Lair:2   | Found a staircase to the Swamp.
 18274 | Lair:2   | Killed Amaemon
 18594 | Lair:3   | Received a gift from Trog
 19118 | Lair:3   | Found a staircase to the Snake Pit.
 19524 | Lair:3   | Reached skill level 15 in Unarmed Combat
 20640 | Lair:4   | Found a viscous altar of Jiyva.
 20640 | Lair:4   | Found a staircase to the Slime Pits.
 20766 | Lair:4   | Noticed Snorg
 20778 | Lair:4   | Killed Snorg
 21008 | Lair:5   | Entered Level 5 of the Lair of Beasts
 21026 | Lair:5   | Found a gate leading to a gauntlet.
 21033 | Gauntlet | Entered a Gauntlet
 21033 | Gauntlet | Found a transporter.
 21033 | Gauntlet | Found a transporter.
 21033 | Gauntlet | Found a transporter.
 21037 | Gauntlet | Found a transporter.
 21037 | Gauntlet | Found a transporter.
 21037 | Gauntlet | Found a transporter.
 21047 | Gauntlet | Found a transporter.
 21051 | Gauntlet | Found a transporter.
 21061 | Gauntlet | Found the +3 pair of seven-league boots {Rampage+∞}
 21063 | Gauntlet | Found a transporter.
 21164 | Gauntlet | Found a transporter.
 21166 | Gauntlet | Found a transporter.
 21176 | Gauntlet | Found a transporter.
 21319 | Gauntlet | Identified the amulet of Nytiosoz {Acrobat rPois}
 21393 | Gauntlet | Identified the -1 pair of gloves "Uhionahu" {rPois Will-
                  | Slay+3}
 21449 | Gauntlet | Identified the +9 shortbow "Hydrabane" {freeze, Str-2 Int+4
                  | Dex+5}
 21684 | Lair:5   | Reached XP level 15. HP: 100/100 MP: 17/17
 22105 | Lair:5   | Received a gift from Trog
 22628 | Lair:5   | Found a corrupted altar of Lugonu.
 22628 | Lair:5   | Found a one-way gate to the infinite horrors of the Abyss.
 22641 | Lair:5   | Identified the ring "Yruocaly" {rN+ Dex+6}
 22760 | Lair:5   | Reached skill level 15 in Fighting
 23279 | Orc:1    | Entered Level 1 of the Orcish Mines
 23418 | Orc:2    | Entered Level 2 of the Orcish Mines
 23598 | Orc:2    | Received a gift from Trog
 23768 | Orc:2    | Paralysed by an orc sorcerer for 5 turns
 24210 | Orc:2    | Found Luuvviki's General Store.
 24222 | Orc:2    | Bought a scroll of fear for 44 gold pieces
 24231 | Orc:2    | Found Mothulah's Antique Weapon Shop.
 24286 | Orc:2    | Found a staircase to the Elven Halls.
 24352 | Orc:2    | Found Ublarec's Jewellery Shop.
 24367 | Orc:2    | Found Jozom's Antique Armour Shop.
 24374 | Orc:2    | Bought a pair of runed boots for 180 gold pieces
 24402 | Orc:2    | Bought the ring of Cirat {rF+ rC- Dex+6 Slay+3 SInv} for
                  | 761 gold pieces
 24404 | Orc:2    | Acquired a +6 ring of strength
 24747 | Snake:1  | Entered Level 1 of the Snake Pit
 24933 | Snake:1  | Found the +10 tower shield of Ignorance {rN+ Int-4}
 25270 | Snake:1  | Received a gift from Trog
 25362 | Snake:1  | Reached skill level 5 in Armour
 25791 | Snake:2  | Found Yhahorr's Armour Shop.
 25794 | Snake:2  | Found Roash's Armour Boutique.
 25796 | Snake:2  | Found Surapa's Assorted Antiques.
 25808 | Snake:2  | Bought a scroll of blinking for 157 gold pieces
 26830 | Snake:2  | Reached XP level 16. HP: 97/108 MP: 18/18
 27067 | Snake:2  | Identified the +2 robe of the Dragon {Str+7}
 27414 | Snake:3  | Noticed Mlioglotl
 27426 | Snake:3  | Killed Mlioglotl
 28641 | Snake:4  | Entered Level 4 of the Snake Pit
 29234 | Snake:4  | Received a gift from Trog
 29288 | Snake:4  | Reached skill level 10 in Armour
 30574 | Snake:4  | Received a gift from Trog
 31867 | Snake:4  | Got a serpentine rune of Zot
 32040 | Swamp:1  | Entered Level 1 of the Swamp
 32182 | Swamp:1  | Found a runed translucent door.
 32182 | Swamp:1  | Noticed a tentacled monstrosity
 32183 | Swamp:1  | Noticed dunno567's ghost (adept HOFi)
 32206 | Swamp:1  | Reached XP level 17. HP: 76/113 MP: 19/19
 32349 | Swamp:1  | Received a gift from Trog
 35446 | Swamp:4  | Entered Level 4 of the Swamp
 36000 | Swamp:4  | Reached skill level 15 in Shields
 36568 | Swamp:4  | Acquired the +1 cloak of Starlight {*Dazzle EV+4 Stlth--}
 36568 | Swamp:4  | Found the +1 cloak of Starlight {*Dazzle EV+4 Stlth--}
 36805 | Swamp:4  | Noticed the 27-headed Lernaean hydra
 36814 | Swamp:4  | HP: 6/172 [the 27-headed Lernaean hydra (4)]
 36816 | Swamp:4  | Killed the 27-headed Lernaean hydra
 37360 | Swamp:4  | Got a decaying rune of Zot
 37701 | Vaults:1 | Entered Level 1 of the Vaults
 37759 | Vaults:1 | Noticed Nikola
 37774 | Vaults:1 | Killed Nikola
 37775 | Vaults:1 | Reached XP level 18. HP: 108/120 MP: 20/20
 37783 | Vaults:1 | Received a gift from Trog
 38533 | Vaults:1 | Found a portal to a secret trove of treasure.
 38821 | Vaults:1 | Found a runed translucent door.
 38821 | Vaults:1 | Found a shimmering altar of Xom.
 38821 | Vaults:1 | Noticed Gnu's ghost (adept DsFi)
 39479 | Vaults:2 | Reached ****** piety under Trog
 39953 | Vaults:2 | Received a gift from Trog
 41005 | Vaults:2 | Found a staircase to the Crypt.
 41478 | Vaults:2 | Found a runed translucent door.
 41487 | Vaults:2 | Noticed Dyrphilu's ghost (adept GnMo)
 41908 | Vaults:3 | Identified the +3 falchion "Fecugea" {freeze, Int+6}
 41916 | Vaults:3 | Received a gift from Trog
 42160 | Vaults:3 | Reached XP level 19. HP: 128/128 MP: 21/21
 42789 | Vaults:3 | Found Vurus's Book Shop.
 44108 | Vaults:3 | Paralysed by a floating eye for 2 turns
 44145 | Vaults:3 | Identified the +4 longbow of Macadgh {speed, rPois rF++}
 44279 | Vaults:3 | Noticed a dread lich
 44869 | Vaults:3 | Killed a dread lich
 45272 | Vaults:4 | Received a gift from Trog
 46720 | Vaults:4 | Received a gift from Trog
 46763 | Vaults:4 | Noticed a golden dragon
 46780 | Vaults:4 | Killed a golden dragon
 47296 | Depths:1 | Entered Level 1 of the Depths
 47647 | Snake:2  | Bought a +2 pair of boots of rampaging for 365 gold pieces
 47918 | Elf:1    | Entered Level 1 of the Elven Halls
 48405 | Elf:1    | Reached XP level 20. HP: 136/136 MP: 22/22
 48625 | Elf:1    | Found Usizeusi's Weapon Emporium.
 48687 | Elf:1    | Paralysed by an air elemental for 1 turns
 48708 | Elf:1    | Paralysed by an air elemental for 1 turns
 48712 | Elf:1    | Paralysed by an air elemental for 1 turns
 49783 | Elf:1    | Identified the +1 flail "Tappovau" {flame, rCorr Str+3
                  | Int-3 Stlth+}
 50374 | Elf:2    | Received a gift from Trog
 50439 | Elf:2    | Found a runed translucent gate.
 50440 | Elf:2    | Found a runed translucent gate.
 50440 | Elf:2    | Found a runed translucent gate.
 50484 | Elf:2    | Noticed Azrael
 50495 | Elf:2    | Killed Azrael
 50714 | Elf:2    | Noticed Asterion
 50734 | Elf:2    | Killed Asterion
 50998 | Elf:3    | Entered Level 3 of the Elven Halls
 51080 | Elf:3    | Received a gift from Trog
 51213 | Elf:3    | Paralysed by an air elemental for 1 turns
 51380 | Elf:3    | Found a radiant altar of Vehumet.
 52225 | Elf:3    | Identified the ring of Orulecag {rC+ rN+ Str-4 Dex+2}
 52703 | Elf:3    | Identified the ring of Qitodd {Ice Will+ MP-9 Int+3 Dex+5}
 52710 | Elf:3    | Identified the +5 spear of Xyaronn {drain, rPois rC- Str-4
                  | Dex+8}
 52710 | Elf:3    | Identified the ring "Funiomn" {rC+ Int+4}
 52714 | Elf:3    | Received a gift from Trog
 52915 | Elf:3    | Identified the +1 pair of boots "Edaemak" {rF+ Slay+2}
 52932 | Elf:3    | Identified the +1 sling "Dotwakef" {elec, rPois Stlth+}
 52942 | Elf:3    | Identified the +8 arbalest "Killer Bee's Peril" {flame, rC+
                  | rN+++ Int-2 Stlth+}
 53270 | Depths:1 | Gained mutation: Your magical capacity is low. (-10% MP) [a
                  | shining eye]
 53271 | Depths:1 | Gained mutation: You are weak. (Str -2) [a shining eye]
 53296 | Depths:1 | Lost mutation: Your magical capacity is low. (-10% MP)
                  | [potion of mutation]
 53296 | Depths:1 | Lost mutation: You are weak. (Str -2) [potion of mutation]
 53296 | Depths:1 | Gained mutation: Your spells are a little harder to cast,
                  | but a little more powerful. [potion of mutation]
 53296 | Depths:1 | Gained mutation: You have hidden genetic defects. [potion
                  | of mutation]
 53296 | Depths:1 | Gained mutation: Your muscles are strong. (Str +4, Int/Dex
                  | -1) [potion of mutation]
 53297 | Depths:1 | Lost mutation: You have hidden genetic defects. [potion of
                  | mutation]
 53297 | Depths:1 | Lost mutation: Your muscles are strong. (Str +4, Int/Dex
                  | -1) [potion of mutation]
 53297 | Depths:1 | Lost mutation: Your spells are a little harder to cast, but
                  | a little more powerful. [potion of mutation]
 53297 | Depths:1 | Gained mutation: You are partially covered in iridescent
                  | scales. (AC +2) [potion of mutation]
 53297 | Depths:1 | Gained mutation: You are mostly covered in iridescent
                  | scales. (AC +4) [potion of mutation]
 53394 | Depths:1 | Found a gateway to Hell.
 53469 | Depths:1 | Reached XP level 21. HP: 107/143 MP: 23/23
 54075 | Depths:1 | Identified the +5 falchion of Conscience {flame, Drain
                  | rF++}
 54243 | Depths:1 | Received a gift from Trog
 54278 | Depths:1 | Found a one-way gate leading to the halls of Pandemonium.
 54346 | Depths:1 | You are sucked into a shaft and drop 1 floor!
 56771 | Depths:3 | Noticed a golden dragon
 56891 | Depths:3 | Killed a golden dragon
 57442 | Depths:1 | Found a burning altar of Makhleb.
 57547 | Depths:1 | Received a gift from Trog
 57622 | Depths:1 | Found a burning altar of Makhleb.
 57622 | Depths:1 | Found the +16 obsidian axe {drain, demonic, Mesm Drain Fly
                  | SInv}
 57876 | Depths:1 | Noticed Bai Suzhen
 57897 | Depths:1 | Killed Bai Suzhen
 58863 | Depths:4 | Entered Level 4 of the Depths
 59162 | Depths:4 | Noticed a golden dragon
 59196 | Depths:4 | Killed a golden dragon
 59360 | Depths:4 | Found a gate to the Realm of Zot.
 59644 | Depths:4 | Reached XP level 22. HP: 151/151 MP: 24/24
 59668 | Depths:4 | Found a sacrificial altar of Ru.
 59960 | Depths:4 | Received a gift from Trog
 59999 | Depths:4 | Noticed a golden dragon
 60015 | Depths:4 | Killed a golden dragon
 60455 | Depths:4 | Found a one-way gateway to a ziggurat.
 61011 | Vaults:5 | Entered Level 5 of the Vaults
 61983 | Vaults:5 | Identified the +1 bardiche of Impatience {elec, rF+ Str+3}
 62110 | Vaults:5 | Received a gift from Trog
 62145 | Vaults:5 | Identified the +9 scimitar "Undertaker" {spect, rF- Str+3
                  | Int+4 Dex+3}
 62219 | Vaults:5 | Identified the +3 hand axe of Division {flame, rC+}
 62273 | Vaults:5 | Identified the +9 quarterstaff of the Heavens {freeze, rF+
                  | rC- Int+3}
 62334 | Vaults:5 | Got a silver rune of Zot
 62335 | Vaults:5 | Identified the +8 dagger "Orb Guardian's Bane" {freeze,
                  | Str+3}
 62350 | Vaults:5 | Found the +7 sceptre of Torment {pain, torment}
 62634 | Vaults:5 | Noticed a caustic shrike
 62783 | Vaults:5 | Identified the +7 scimitar of Sexzog {freeze, *Rage Fly
                  | Dex+3}
 62899 | Vaults:4 | Received a gift from Trog
 63074 | Vaults:5 | Identified the ring of Loemerph {Fire rElec rCorr Int-3}
 63089 | Vaults:5 | Noticed an ancient lich
 63273 | Vaults:5 | Identified the ring "Xasuarao" {rPois Str+6 Int-5 Dex+3}
 63279 | Vaults:5 | Identified the +9 great sword of Gyhythoh {heavy, Fly rCorr
                  | Dex+4}
 63279 | Vaults:5 | Identified the +6 longbow "Udoufra" {antimagic, Str+4}
 63496 | Vaults:5 | Noticed a golden dragon
 63512 | Vaults:5 | Killed a golden dragon
 63524 | Vaults:5 | Killed an ancient lich
 63682 | Vaults:5 | Reached XP level 23. HP: 155/156 MP: 25/25
 63734 | Vaults:5 | Acquired 278 gold pieces
 64004 | Vaults:5 | Identified the +7 glaive "Newtbane" {venom, rF+ rN+ Will+}
 64749 | Zot:1    | Entered Level 1 of the Realm of Zot
 64844 | Zot:1    | Reached skill level 15 in Armour
 65774 | Zot:1    | Received a gift from Trog
 66389 | Zot:4    | Reached skill level 10 in Evocations
 66457 | Zot:5    | Entered Level 5 of the Realm of Zot
 66687 | Zot:5    | Noticed an ancient lich
 67148 | Zot:5    | Killed an ancient lich
 67302 | Zot:5    | Noticed an ancient lich
 67346 | Zot:5    | Killed an ancient lich
 67511 | Zot:5    | Noticed an orb of fire
 67532 | Zot:5    | Killed an orb of fire
 67536 | Zot:5    | Noticed an ancient lich
 67536 | Zot:5    | Noticed an orb of fire
 67536 | Zot:5    | Noticed a Killer Klown
 67536 | Zot:5    | Noticed a Killer Klown
 67536 | Zot:5    | Noticed an orb of fire
 67538 | Zot:5    | Noticed a dread lich
 67542 | Zot:5    | Got the Orb of Zot
 67891 | D:12     | Noticed Coityiko the pandemonium lord
 68213 | D:1      | gg
 68214 | D:$      | Escaped with the Orb!

Illustrated notes

#######.###.##...............####
...............############..#
##.####..####### #..# #.# #..#
#######..## #.# #..## #.........#
##.# #...#############.###...#
...# #...'.[.~≈≈≈~...'.# #...#
##.# ##..###..#####.)#### ###.#
#.# #...##..♣♣P@P♣♣..##### #.###
##.###.#.###..♣♣.♣♣..##...# #....
..........#♣)........♣###.# #:##.
.........##♣.♣.~~~.♣.♣ #.# #.##.
..#.##.### ♣..~~8≈~..♣ #.# #.##.
....##.# ♣.♣.≈~~.♣.♣###.###.###
.......# ♣.......^.♣#.......##.
...##### ##..♣♣.♣♣..####.#####.#
...########..♣♣P>P♣♣..###.# #.#


Turn 68213 on D:1: gg

Levels and vault maps discovered:
D:1:      tarquinn_simple_flora_water_b, layout_loops_ring, serial_shops,
          nicolae_shop_crystal, serial_bayou_lagoon_a, corexii_hall_statues_x
D:2:      layout_loops_ring, basic_altar, shapermc_ecumenical_altar_venn,
          serial_bayou_ford_a, uniq_sigmund
D:3:      layout_loops_ring, grunt_temple_overflow_open
D:4:      layout_gridville, minmay_bent
D:5:      layout_basic, gammafunk_ghost_stat_death, uniq_eustachio
D:6:      wad_pebble_path, layout_gridville
D:7:      layout_basic, minmay_temple_entry_sparse_star, uniq_maggie
D:8:      layout_rooms, lair_entry_dummy, uniq_prince_ribbit1
D:9:      layout_roguey, nicolae_overflow_hidden_temple, enter_bailey_2
D:10:     layout_gridville, kennysheep_orc_monster_closet_entryway,
          uniq_erolcha, uniq_lodul
D:11:     layout_basic, serial_shops, shop
D:12:     layout_loops_corners, okawaru_ov_weapons_minmay
D:13:     layout_loops_cross, portal_ice_cave_entry_pillars_2,
          minmay_splitting_lines, uniq_urug
D:14:     layout_rooms, lightli_vaults_fourway_checkpoint,
          kennysheep_cluttered_room
D:15:     hangedman_depths_entry_civil_slaughter, layout_loops_ring
Lair:1:   layout_regular_city, nicolae_volcano_entry_two_sided,
          grunt_megastairs_2, lemuel_fruit_tree, uniq_sonja
Lair:2:   layout_hall_layers, minmay_swamp_entry_swarm,
          chequers_serial_rivers_marsh, lemuel_altar_in_water2,
          hibernation_bobbens, uniq_amaemon
Lair:3:   wad_woods_structure_01, layout_small_grid, dummy_snake_entry
Lair:4:   layout_loops_ring, slime_entry_1, uniq_snorg
Lair:5:   hellmonk_lair_end_abyssal_woods, layout_cave_pods,
          gauntlet_entry_generic, bobbens_ice_dragon_lair
Swamp:1:  layout_basic_swamp, ebering_ghost_inner_flame, serial_swamp_ruin,
          evilmike_swamp_ruin_house_3, hangedman_swamp_ruin_hall, swamp_pool5,
          nicolae_swamp_little_tower
Swamp:2:  layout_falls_marsh, nicolae_swamp_orc_logging_accident, swamp_pool1
Swamp:3:  layout_basic_swamp, nicolae_swamp_some_circles, swamp_pool4
Swamp:4:  swamp_vile, layout_basic_swamp
Snake:1:  layout_gridlike
Snake:2:  layout_gridlike, serial_bayou_shore_a, minmay_shop_star
Snake:3:  layout_misc_corridors, uniq_mlioglotl
Snake:4:  minmay_snake_end_coiled, layout_cave_town
Orc:1:    layout_caves, serial_shops, shop, guppyfry_library_mini
Orc:2:    grunt_orc_cross, layout_caves, basic_altar
Elf:1:    layout_onion_city, serial_shops, nicolae_shop_bloodbath_and_beyond,
          hangedman_elven_crosses_minicolossus, serial_sigils_hangedman_gut,
          minivault_27, minmay_elf_annihilation
Elf:2:    nicolae_elf_blades_crystal_corner, layout_gridlike, uniq_azrael,
          uniq_asterion
Elf:3:    elf_hall_gauntlet_narrow, layout_geoelf_grid, basic_altar,
          grunt_megastairs_5
Vaults:1: ebering_ghost_xom, hangedman_vaults_stagger,
          nicolae_vaults_network_star, v_alt_pattern_6, hangedman_vaults_trim,
          nicolae_vaults_little_squares_4, nicolae_vaults_ring_of_whatevers,
          layout_vaults_omnigrid, enter_trove_5, uniq_nikola
Vaults:2: hellmonk_ghost_big_iron, grunt_vaults_trifunnel,
          minmay_crypt_entry_simple_corners, ontoclasm_vaults_gateway,
          v_pattern_2, dpeg_vaults_monster_box, hangedman_vaults_capsules,
          ontoclasm_vaults_decontamination, layout_vaults_big_room
Vaults:3: nicolae_vaults_little_squares_3, ontoclasm_vaults_chip,
          st_greater_box_1, nicolae_vaults_shelves_hall, v_misc_9,
          vaults_dpeg_ring, vaults_room_door_ring, v_pattern_1,
          vaults_mumra_lcd, v_alt_pattern_2, serial_ice_m,
          nicolae_vaults_little_squares_1, layout_vaults_omnicross,
          serial_shops, shop_fountains
Vaults:4: v_misc_15, vaults_dpeg_hooks, dpeg_vaults_monster_row,
          hangedman_vaults_pinch, vaults_room_pools,
          nicolae_vaults_hallways_thing, hangedman_vaults_nodes, v_misc_8,
          hangedman_vaults_corner, vaults_room_glass_cross,
          vaults_mumra_hexcomb, hangedman_vaults_maws, vaults_room_large_hall,
          nicolae_vaults_circle_grid_b, layout_vaults_omnibox
Vaults:5: serial_shops
Depths:1: layout_basic, nicolae_hell_entry_hellmouth_sunbeams,
          kennysheep_big_empty_room, rand_demon_pan_entry_8,
          serial_corexii_hall, corexii_hall_statues_x, corexii_hall_statues_x,
          grunt_guarded_unrand_obsidian_axe, uniq_bai_suzhen
Depths:2: grunt_bruiser_brothers, layout_cave_pools, kennysheep_nub,
          pf_hell_entry_tar_spiral, rand_demon_pan_entry_1, serial_bayou_shore_b
Depths:3: hangedman_arrow_trap, layout_cave_pools, hell_entry,
          abyss_entry_small_statue_room, grunt_pan_entry_in_and_out,
          infiniplex_staircase_pool_1
Depths:4: grunt_zot_entry_pinwheel, layout_gridlike, enter_ziggurat_f,
          nicolae_ru_sacrificial_ziggurat, marbit_kobold_abyss_entry,
          grunt_pan_entry_sceptre, hell_entry, nrook_uturn, library_closet,
          serial_sigils_hangedman_gnaw, uniq_margery
Zot:1:    layout_gridlike
Zot:2:    layout_gridville
Zot:3:    layout_misc_corridors
Zot:4:    layout_gridlike
Zot:5:    layout_twisted_circle, nicolae_diode_basic

Skill      XL: |  1  2  3  4  5  6  7  8  9 10 11 12 13 14 15 16 17 18 19 20 21 22 23 |
---------------+----------------------------------------------------------------------+-----
Unarmed Combat | 3 4 5 8 10 11 13 15 16 17 18 19 20 | 20.0
Dodging        | 3 4 5 8 11 12 13 | 13.8
Fighting       | 4 5 7 8 9 11 12 13 15 16 17 18 19 20 | 20.0
Shields        | 2 4 5 11 13 16 17 18 19 20 | 20.0
Evocations     | 1 6 7 13 | 13.3
Armour         | 6 11 14 15 | 15.2

Action                     |  1- 3 |  4- 6 |  7- 9 | 10-12 | 13-15 | 16-18 | 19-21 | 22-24 || total
---------------------------+-------+-------+-------+-------+-------+-------+-------+-------++-------
  Melee: Unarmed           |   144 |    96 |       |   678 |  1893 |  2306 |  2512 |  1564 ||  9193
         Short sword       |       |    75 |   251 |   163 |       |       |       |       ||   489
  Throw: Dart              |       |       |       |     1 |       |       |       |       ||     1
         Throwing net      |       |       |       |       |       |       |       |     1 ||     1
 Invoke: Berserk           |     3 |     3 |     3 |    12 |    19 |    11 |     5 |     6 ||    62
         Trog's Hand       |       |     1 |       |     1 |     2 |     3 |     2 |     2 ||    11
         Brothers in Arms  |       |       |     1 |       |     1 |     1 |     1 |     1 ||     5
  Evoke: Wand              |       |       |     2 |     2 |    20 |     2 |     8 |     5 ||    39
         Phial of floods   |       |       |       |     1 |     3 |     1 |     2 |     1 ||     8
         Condenser vane    |       |       |       |       |     2 |     4 |     3 |       ||     9
         Tin of tremorston |       |       |       |       |       |       |     1 |     2 ||     3
    Use: Scroll            |     1 |     4 |     5 |    11 |    11 |    11 |    14 |    16 ||    73
         Potion            |     1 |       |       |     2 |     6 |     6 |     2 |     4 ||    21
   Stab: Sleeping          |     4 |     1 |       |     2 |     2 |       |       |       ||     9
         Invisible         |       |       |       |       |     5 |    11 |    25 |    15 ||    56
         Distracted        |       |       |       |       |     2 |       |     2 |       ||     4
         Confused          |       |       |       |       |       |     7 |       |       ||     7
 Armour: Animal skin       |    23 |     1 |       |       |       |       |       |       ||    24
         Scale mail        |       |    21 |    98 |       |       |       |       |       ||   119
         Acid dragon scale |       |       |    25 |       |       |       |       |       ||    25
         Troll leather arm |       |       |       |   171 |   262 |       |       |       ||   433
         Plate armour      |       |       |       |       |    16 |   604 |   295 |       ||   915
         Gold dragon scale |       |       |       |       |       |       |   159 |   477 ||   636
  Dodge: Dodged            |    62 |    64 |   137 |   524 |   930 |   718 |   616 |   304 ||  3355
  Block: Buckler           |    18 |    21 |    63 |   167 |    41 |       |       |       ||   310
         Kite shield       |       |       |       |       |   956 |       |       |       ||   956
         Tower shield      |       |       |       |       |   121 |  3368 |  2725 |  1800 ||  8014

Table legend: (Time is in decaauts)
 A = Elapsed time spent in this place.
 B = Non-inter-level travel time spent in this place.
 C = Inter-level travel time spent in this place.
 D = Time resting spent in this place.
 E = Time spent auto-exploring this place.
 F = Levels seen in this place.
 G = Mean time per level.
                   A        B        C        D        E       F      G
               +--------+--------+--------+--------+--------+-----+--------+
         Total |  67769 |  62968 |   4801 |  19199 |  23540 |  51 | 1328.8 |
       Dungeon |  16985 |  14810 |   2175 |   2782 |   7467 |  15 | 1132.3 |
          Lair |   5869 |   5278 |    591 |    403 |   3056 |   5 | 1173.8 |
         Swamp |   5754 |   5565 |    189 |   2230 |   1838 |   4 | 1438.5 |
     Snake Pit |   7375 |   7100 |    275 |   2782 |   2248 |   4 | 1843.8 |
  Orcish Mines |   1756 |   1633 |    123 |    636 |    534 |   2 |  878.0 |
   Elven Halls |   4648 |   4464 |    184 |   1489 |   1677 |   3 | 1549.3 |
        Vaults |  12695 |  12201 |    494 |   4448 |   3870 |   5 | 2539.0 |
        Depths |   7573 |   6907 |    666 |   2463 |   2317 |   4 | 1893.2 |
           Zot |   2792 |   2691 |    101 |   1433 |      0 |   5 |  558.4 |
        Bailey |    360 |    360 |      0 |     14 |     81 |   1 |  360.0 |
      Ice Cave |    972 |    972 |      0 |    271 |    201 |   1 |  972.0 |
       Volcano |    479 |    479 |      0 |    116 |    108 |   1 |  479.0 |
      Gauntlet |    506 |    506 |      0 |    126 |    140 |   1 |  506.0 |
               +--------+--------+--------+--------+--------+-----+--------+

Top non-repeatable levels by time:
Vaults:3: 3470 daAuts
Vaults:4: 2836 daAuts
 Snake:4: 2803 daAuts
Depths:2: 2780 daAuts
Vaults:2: 2307 daAuts
Vaults:5: 2145 daAuts
Depths:1: 2093 daAuts
 Swamp:1: 2026 daAuts
   Elf:3: 1979 daAuts
 Snake:2: 1961 daAuts
Vaults:1: 1935 daAuts
   Elf:1: 1930 daAuts
Depths:4: 1864 daAuts
 Swamp:4: 1719 daAuts
    D:13: 1665 daAuts
